 Dungeon Crawl Stone Soup version 0.31-a0-1009-g454b1f1e0a (webtiles) character file.

Game seed: 3935913663986164251

11 Maratek the Trooper (level 2, -7/24 HPs)
             Began as a Demonspawn Fighter on Nov 14, 2023.
             Mangled by a gnoll
             ... wielding a +0 flail
              (9 damage)
             ... on level 1 of the Dungeon.
             The game lasted 00:00:25 (310 turns).

Maratek the Trooper (Demonspawn Fighter)             Turns: 310, Time: 00:00:25

Health: -7/24      AC:  6    Str: 16    XL:     2   Next: 17%
Magic:  2/2        EV:  8    Int:  9    God:
Gold:   18         SH:  4    Dex: 12    Spells: 1/1 levels left

rFire   . . .        a - +0 trident
rCold   . . .        c - +0 buckler
rNeg    . . .        b - +0 scale mail
rPois   .            (no helmet)
rElec   .            (no cloak)
rCorr   .            (no gloves)
SInv    .            (no boots)
Will    .....        (no amulet) Stlth
                     (no ring)
HPRegen 0.24/turn    (no ring)
MPRegen 0.08/turn

%: no passive effects
@: no status effects
A: demonic guardian 1
a: no special abilities


You were on level 1 of the Dungeon.
You visited 1 branch of the dungeon, and saw 1 of its levels.

You collected 18 gold pieces.

Inventory:

Hand Weapons
 a - a +0 trident (weapon)
Armour
 b - a +0 scale mail (worn)
 c - a +0 buckler (worn)
Scrolls
 e - a scroll of immolation {unknown}
 g - a scroll of amnesia {unknown}
 h - a scroll of teleportation {unknown}
Potions
 d - a potion of might
 f - a potion of degeneration {unknown}


   Skills:
 + Level 3.3 Fighting
 + Level 1.8 Polearms
 + Level 2.9 Armour
 + Level 2.8 Shields


You had one spell level left.
You didn't know any spells.
Your spell library was empty.

Dungeon Overview and Level Annotations

Branches:
Dungeon (1/15)

Altars:


Innate Abilities, Weirdness & Mutations

A weak demonic guardian rushes to your aid.


Message History

The endoplasm is heavily wounded.
The kobold barely misses you. The endoplasm hits you.
You puncture the endoplasm!
You kill the endoplasm!
You block the kobold's attack.
You closely miss the gnoll. The kobold barely misses you.
The gnoll hits you with a +0 flail. x2; The kobold barely misses you.
You barely miss the gnoll. The kobold hits you but does no damage.
You block the gnoll's attack.
You puncture the gnoll!
The gnoll is heavily wounded.
The kobold hits you with a +0 short sword.
The gnoll hits you with a +0 flail!
* * * LOW HITPOINT WARNING * * *
A demonic guardian appears!
You are too injured to fight recklessly!
You are too injured to fight recklessly!
You are too injured to fight recklessly!
You are too injured to fight recklessly!
You are too injured to fight recklessly!
You are too injured to fight recklessly!
You are too injured to fight recklessly!
You are too injured to fight recklessly!
You are too injured to fight recklessly!
You are too injured to fight recklessly!
You are too injured to fight recklessly!
You are too injured to fight recklessly!
You are too injured to fight recklessly!
You are too injured to fight recklessly!
You are too injured to fight recklessly!
The kobold closely misses your quasit.
Your quasit bites the gnoll.
Your quasit claws the gnoll but does no damage.
Your quasit barely misses the gnoll.
Your quasit completely misses the gnoll.
Your quasit closely misses the gnoll.
Your quasit claws the gnoll but does no damage.
You block the gnoll's attack.
Your quasit closely misses the gnoll.
Your quasit claws the gnoll. x2
The gnoll attacks as it pursues you! The gnoll hits you with a +0 flail!
You die...

##.# #..#.#......#
#.## #..#.########
#######.####..#.
..............#
...#.)........# ##
..............#...
....##.###........
..## #.###........
# ##..g@.######.
..###.K.####
#.....5.#
................
(...............
................
..?.............
................
................


You could see a gnoll (ally target), a kobold and a friendly quasit (summoned).

Vanquished Creatures
  2 ball pythons (D:1)
  A bat (D:1)
  2 endoplasms (D:1)
  A giant cockroach (D:1)
  2 goblins (D:1)
  2 kobolds (D:1)
10 creatures vanquished.

Notes
Turn   | Place    | Note
-------+----------+-------------------------------------------
     0 | D:1      | Maratek the Demonspawn Fighter began the quest for the Orb.
     0 | D:1      | Reached XP level 1. HP: 18/18 MP: 1/1
   214 | D:1      | Gained mutation: A weak demonic guardian rushes to your
                  | aid. [demonic ancestry]
   214 | D:1      | Reached XP level 2. HP: 24/24 MP: 2/2
   306 | D:1      | HP: 1/24 [gnoll/+0 flail (9)]
   310 | D:1      | Mangled by a gnoll

Illustrated notes

Levels and vault maps discovered:
D:1:      reono_arrival_mine, layout_rooms, minmay_misc_feat_room,
          dk_noncrumbling_3

Action                     || total
---------------------------++-------
  Melee: Trident           ||    26
 Armour: Scale mail        ||    13
  Dodge: Dodged            ||    10
  Block: Buckler           ||     5

Table legend: (Time is in decaauts)
 A = Elapsed time spent in this place.
 B = Non-inter-level travel time spent in this place.
 C = Inter-level travel time spent in this place.
 D = Time resting spent in this place.
 E = Time spent auto-exploring this place.
 F = Levels seen in this place.
 G = Mean time per level.
                   A        B        C        D        E       F      G
               +--------+--------+--------+--------+--------+-----+--------+
         Total |    316 |    316 |      0 |      0 |    246 |   1 |  316.0 |
       Dungeon |    316 |    316 |      0 |      0 |    246 |   1 |  316.0 |
               +--------+--------+--------+--------+--------+-----+--------+

Top non-repeatable levels by time:
     D:1: 316 daAuts
